 Dungeon Crawl Stone Soup version 0.18.1-48-g4cf74bf (webtiles) character file.

87 Gargoyl the Skirmisher (level 4, 0/37 HPs)
             Began as a Demonspawn Abyssal Knight on July 28, 2016.
             Was a Believer of Lugonu.
             Killed by nerve-wracking pain
             ... invoked by an orc priest
              (14 damage)
             ... on level 3 of the Dungeon.
             The game lasted 00:06:39 (2453 turns).

Gargoyl the Skirmisher (Demonspawn Abyssal Knight)  Turns: 2453, Time: 00:06:39

Health: 0/37       AC:  5    Str: 14    XL:     4   Next: 28%
Magic:  6/6        EV: 11    Int: 13    God:    Lugonu [**....]
Gold:   114        SH:  0    Dex: 12    Spells: 0 memorised, 3 levels left

rFire  . . .     SeeInvis .     a - +1 hand axe
rCold  . . .     Gourm    .     n - +0 ring mail
rNeg   . . .     Faith    .     (no shield)
rPois  .         Spirit   .     (helmet restricted)
rElec  .         Dismiss  .     (no cloak)
rCorr  .         Reflect  .     (no gloves)
SustAt .         Harm     .     (no boots)
MR     .....                    (no amulet)
Stlth  +.........               (no ring)
                                (no ring)

@: not resistant to hostile enchantments, very unstealthy
A: horns 1, foul stench 1, rot immunity
a: Depart the Abyss, Bend Space, Renounce Religion


You were on level 3 of the Dungeon.
You worshipped Lugonu.
Lugonu was pleased with you.
You were not hungry.

You visited 1 branch of the dungeon, and saw 3 of its levels.
You visited the Abyss 1 time.

You collected 114 gold pieces.

Inventory:

Hand Weapons
 a - a +1 hand axe (weapon)
Armour
 n - a +0 ring mail (worn)
Wands
 f - a wand of iceblast (12/15)
Scrolls
 d - 2 scrolls of random uselessness {unknown}
 g - 5 scrolls of teleportation {unknown}
 j - a scroll of noise {unknown}
 l - a scroll of enchant weapon {unknown}
 o - a scroll of remove curse {unknown}
Potions
 b - a potion of beneficial mutation {unknown}
 e - a potion of might
 h - a potion of mutation {unknown}
Comestibles
 c - 3 bread rations
 i - a meat ration
 k - a royal jelly
 m - a beef jerky


   Skills:
 + Level 3.7 Fighting
 + Level 2.1 Axes
 * Level 2.5 Armour
 + Level 2.0 Dodging
 + Level 2.7 Invocations


You had 3 spell levels left.
You didn't know any spells.

Dungeon Overview and Level Annotations

Branches:
Dungeon (3/15)

Altars:

Annotations:
D:3 deathweaver's ghost, amateur OgBe


Innate Abilities, Weirdness & Mutations

You have a pair of small horns on your head.
You may emit foul miasma when damaged in melee.
You are immune to rotting.


Message History

The orc priest looks braver for a moment.
Unknown command.
You hit the orc priest.
The orc priest is moderately wounded.
You completely miss the orc. The orc hits you with a flail!
The orc looks sick.
The orc priest invokes the aid of Beogh against you.
Pain shoots through your body! The ball python closely misses you.
The ball python grabs you. The ball python constricts you.
Unknown command.
You barely miss the orc priest.
The orc shouts!
You headbutt the orc priest!
The orc priest is severely wounded.
You barely miss the orc. You hit the ball python.
You kill the ball python!
Lugonu accepts your kill. The orc hits you but does no damage.
The orc priest calls down the wrath of Beogh upon you.
Pain shoots through your body!
You die...

#...†.....#
#.####....#
#.# #....#
######.##
#....#
.........#
#....######
.........#
#.........#
.........#
###.......#
.........#
#.......#
.......†@#
#.......#
......ooo#
#.......#
.......KK#
#.......#
........#
#.......##
........#
#........###
........#
#..........#
........#
######.≈≈..#
........o
#.≈⌠≈..
#...≈..


You could see an orc priest, 3 orcs and 2 kobolds.

Vanquished Creatures
  An adder (D:2)
  A shadow imp (D:3)
  A worm (D:2)
  3 dart slugs
  2 giant geckos
  4 orcs (D:3)
  2 ball pythons
  2 bats (D:1)
  10 goblins
  5 hobgoblins
  3 jackals (D:1)
  A quokka (D:2)
  3 giant newts
  8 kobolds
  7 rats
53 creatures vanquished.

Notes
Turn   | Place    | Note
--------------------------------------------------------------
     0 | Abyss:1  | Gargoyl the Demonspawn Abyssal Knight began the quest for the Orb.
     0 | Abyss:1  | Reached XP level 1. HP: 18/18 MP: 2/2
    46 | Abyss:2  | Noticed a large abomination
    57 | Abyss:2  | Noticed a fire elemental
    63 | Abyss:2  | Noticed a starcursed mass
    64 | D:1      | Escaped the Abyss
   114 | D:1      | Reached * piety under Lugonu
   167 | D:1      | Reached skill level 1 in Dodging
   167 | D:1      | Gained mutation: You are immune to rotting. [demonic ancestry]
   167 | D:1      | Reached XP level 2. HP: 22/24 MP: 3/3
   275 | D:1      | HP: 1/24 [goblin/dagger (1)]
   630 | D:1      | Gained mutation: You may emit foul miasma when damaged in melee. [demonic ancestry]
   630 | D:1      | Reached XP level 3. HP: 27/29 MP: 4/4
  1446 | D:2      | Reached ** piety under Lugonu
  1871 | D:3      | Noticed deathweaver's ghost (amateur OgBe)
  1877 | D:3      | Gained mutation: You have a pair of small horns on your head. [demonic ancestry]
  1877 | D:3      | Reached XP level 4. HP: 37/37 MP: 6/6
  2453 | D:3      | Killed from afar by an orc priest

Skill      XL: |  1  2  3  4 |
---------------+-------------+-----
Dodging        | 1 2 |  2.0
Axes           | 2 |  2.1
Armour         | 2 |  2.5
Fighting       | |  3.7
Invocations    | |  2.7

Action                   |  1- 3 |  4- 6 || total
-------------------------+-------+-------++-------
Melee: Hand axe          |   122 |    30 ||   152
       Headbutt          |       |     4 ||     4
Invok: Depart the Abyss  |     1 |       ||     1
  Use: Potion            |     2 |       ||     2
  Eat: Chunk             |     3 |     2 ||     5
Armor: Leather armour    |    28 |       ||    28
       Ring mail         |    18 |     8 ||    26
Dodge: Dodged            |   102 |    21 ||   123
